 Dungeon Crawl Stone Soup version 0.31.0-11-ge490571c62 (webtiles) character file.

Game seed: 8966705095532769795

161 qw the Shooter (level 5, -4/26 HPs)
             Began as a Spriggan Hunter on Feb 4, 2024.
             Incinerated by a bombardier beetle (5 damage)
             ... with a burning spray
             ... on level 3 of the Dungeon.
             The game lasted 00:00:11 (1990 turns).

qw the Shooter (Spriggan Hunter)                    Turns: 1990, Time: 00:00:12

Health: -4/26      AC:  2    Str:  7    XL:     5   Next: 18%
Magic:  6/6        EV: 20    Int: 10    God:
Gold:   733        SH:  0    Dex: 21    Spells: 4/4 levels left

rFire   . . .        a - +0 shortbow
rCold   . . .        (shield currently unavailable)
rNeg    . . .        c - +0 robe
rPois   .            (helmet restricted)
rElec   .            (no cloak)
rCorr   .            (gloves unavailable)
SInv    +            (boots unavailable)
Will    +....        (no amulet)
Stlth   +            f - ring of willpower
HPRegen 0.24/turn    (no ring)
MPRegen 0.10/turn

%: no passive effects
@: on fire, glowing, very quick
A: very small, no large weapons, unfitting armour, see invisible, speed 3
a: no special abilities


You were on level 3 of the Dungeon.
You visited 1 branch of the dungeon, and saw 3 of its levels.

You collected 733 gold pieces.


Innate Abilities, Weirdness & Mutations

You are very small and have problems with some larger weapons.
You are too small for most types of armour.
You have supernaturally acute eyesight. (SInv)
You cover ground extremely quickly. (Speed+++)


   Skills:
 - Level 2.0 Fighting
 + Level 5.4 Ranged Weapons
 - Level 5.0 Dodging
 - Level 1.5 Stealth


You had 4 spell levels left.
You didn't know any spells.
Your spell library was empty.

Inventory:

Hand Weapons
 a - a +0 shortbow (weapon)
Armour
 c - a +0 robe (worn)
Jewellery
 f - a ring of willpower (left hand)
Scrolls
 b - a scroll of identify
 d - a scroll of fog {unknown}

Dungeon Overview and Level Annotations

Branches:
Dungeon (3/15)

Altars:
Yredelemnul

Shops:
D:1 (

Annotations:
D:2 1 runed translucent door, Crazy Yiuf
D:3 3 runed translucent doors, qw's ghost, amateur SpHu


Message History

You kill the ball python!
A quokka comes into view.
You shoot an arrow. The arrow hits the quokka.
You kill the quokka!
A bombardier beetle comes into view.
You shoot an arrow.
The arrow hits the bombardier beetle but does no damage.
You shoot an arrow. The arrow hits the bombardier beetle.
The bombardier beetle is lightly wounded.
You shoot an arrow. The arrow hits the bombardier beetle.
The bombardier beetle is moderately wounded.
You shoot an arrow.
The arrow hits the bombardier beetle but does no damage.
The bombardier beetle is moderately wounded.
You shoot an arrow. The arrow hits the bombardier beetle.
The bombardier beetle is heavily wounded.
The bombardier beetle sprays incendiary fluid at you.
The burning spray hits you.
You are covered in liquid fire!
You shoot an arrow. The arrow hits the bombardier beetle!
The bombardier beetle is almost dead.
The liquid fire burns you!
You shoot an arrow.
The arrow hits the bombardier beetle but does no damage.
The bombardier beetle is almost dead.
The liquid fire burns you!
The bombardier beetle sprays incendiary fluid at you.
The burning spray hits you.
You are even more covered in liquid fire!
You shoot an arrow. The arrow hits the bombardier beetle.
You kill the bombardier beetle!
The liquid fire burns you!
You have reached level 5!
You feel agile.
You are on fire!
The liquid fire burns you!
You are on fire!
The liquid fire burns you!
You are on fire!
The liquid fire burns you!
You die...

#...... #.....# #.....#
#...%.###############
#.....##......[.....#
#.....##............#
#.....##............#
#...@.##.............
##....###.............
#####...#####.............
#............%............
#..............##########.
#.....)........# ##
#..............# #
#..............# #
#...........)..# #


There were no monsters in sight!

Vanquished Creatures
  A bombardier beetle (D:3)
  4 gnolls (D:2)
  2 adders (D:2)
  An adder zombie (D:3)
  2 dart slugs (D:1)
  2 ribbon worms
  12 giant cockroaches (D:2)
  4 hobgoblins
  4 jackals (D:2)
  3 quokkas
  3 ball pythons
  A ball python zombie (D:3)
  5 bats
  A frilled lizard (D:1)
  4 goblins
  8 kobolds
  6 rats
63 creatures vanquished.

Notes
Turn   | Place    | Note
-------+----------+-------------------------------------------
     0 | D:1      | qw the Spriggan Hunter began the quest for the Orb.
     0 | D:1      | Reached XP level 1. HP: 10/10 MP: 2/2
     0 | D:1      | 0 ||| qw: Version: 0.3-a-160-g6735b56
     0 | D:1      | 0 ||| qw: Game counter: 5906
     0 | D:1      | 0 ||| qw: Melee chars always use a shield: true
     0 | D:1      | 0 ||| qw: God list: Okawaru
     0 | D:1      | 0 ||| qw: Allow faded altars: false
     0 | D:1      | 0 ||| qw: Do Orc after clearing Dungeon:15 true
     0 | D:1      | 0 ||| qw: Do second Lair branch before Depths: true
     0 | D:1      | 0 ||| qw: Lair rune preference: random
     0 | D:1      | 0 ||| qw: Goals: Normal
     0 | D:1      | 0 ||| PLANNING D:1-11
    60 | D:1      | Reached skill level 3 in Dodging
   155 | D:1      | Found Dibonuma's Antique Weapon Boutique.
   246 | D:1      | Reached XP level 2. HP: 14/14 MP: 3/3
   578 | D:1      | 578 ||| UPGRADING to ring of willpower.
   579 | D:1      | 579 ||| READING 2 scrolls labelled GIUCSO KAFY.
   680 | D:1      | 680 ||| READING scroll labelled FUYSE HICSEA.
   685 | D:1      | 685 ||| READING scroll labelled QENACA SURACK.
   685 | D:1      | 685 ||| ENCHANTING +0 shortbow.
   686 | D:1      | 686 ||| READING scroll labelled GIOCAPU WIHA.
   686 | D:1      | 686 ||| IDENTIFYING sapphire potion
   687 | D:1      | 687 ||| DROPPING scroll of butterflies.
   688 | D:1      | 688 ||| DROPPING potion of degeneration.
   689 | D:1      | 689 ||| DROPPING scroll of vulnerability.
   727 | D:2      | 727 ||| RETREEEEATING.
   728 | D:2      | 728 ||| RETREEEEATING.
   729 | D:2      | 729 ||| RETREEEEATING.
   730 | D:2      | 730 ||| RETREEEEATING.
   735 | D:2      | Reached XP level 3. HP: 18/18 MP: 4/4
   980 | D:2      | Reached XP level 4. HP: 6/22 MP: 5/5
  1598 | D:2      | Found a runed translucent door.
  1599 | D:2      | Noticed Crazy Yiuf
  1642 | D:2      | 1642 ||| READING scroll labelled SUS BUUNGUEGRUEP.
  1743 | D:2      | 1743 ||| READING scroll labelled WIRODUSYHE.
  1743 | D:2      | Identified a scroll of acquirement
  1743 | D:2      | 1743 ||| ACQUIRING 514 gold pieces
  1743 | D:2      | Acquired 514 gold pieces
  1745 | D:2      | 1745 ||| READING scroll labelled ATSAVATR ONLIHUSI.
  1780 | D:3      | 1780 ||| PLANNING SEWER
  1803 | D:3      | Found a runed translucent gate.
  1803 | D:3      | Found a runed translucent gate.
  1803 | D:3      | Found a runed translucent gate.
  1803 | D:3      | Noticed qw's ghost (amateur SpHu)
  1805 | D:3      | 1805 ||| DRINKING 2 puce potions.
  1806 | D:3      | Found a basalt altar of Yredelemnul.
  1865 | D:3      | HP: 4/23 [ribbon worm (7)]
  1866 | D:3      | 1866 ||| DRINKING potion of heal wounds.
  1988 | D:3      | Reached XP level 5. HP: 11/26 MP: 6/6
  1988 | D:3      | HP: 6/26 [burnt (5)]
  1989 | D:3      | HP: 1/26 [burnt (5)]
  1990 | D:3      | Incinerated by a bombardier beetle

Levels and vault maps discovered:
D:1:      lightli_arrival_chessboard, layout_loops_ring, serial_shops, shop,
          minmay_misc_feat_doors, minmay_tromino_v7
D:2:      minmay_roachtagon, layout_loops_cross, minivault_27,
          uniq_crazy_yiuf_cottage
D:3:      layout_basic, nicolae_yredelemnul_ghost_church,
          ebering_ecumenical_altar_hall, gup_sewer_entry_glass

Skill      XL: |  1  2  3  4 |
---------------+-------------+-----
Dodging        | 3 4 5 |  5.0
Ranged Weapons | 5 |  5.4
Fighting       | 2 |  2.0
Stealth        | |  1.5

Action                     |  1- 3 |  4- 6 || total
---------------------------+-------+-------++-------
   Fire: Shortbow          |    91 |   129 ||   220
    Use: Scroll            |     4 |     3 ||     7
         Potion            |       |     2 ||     2
 Armour: Robe              |    11 |    28 ||    39
  Dodge: Dodged            |    26 |    74 ||   100

Table legend:
 A = Non-vault XP
 B = Vault XP
 C = Vault XP percentage of total XP
 D = Non-vault monster count
 E = Vault monster count
 F = Vault count percentage of total count
                 A         B        C        D         E       F
            +---------+---------+-------+---------+---------+-------
      Total |     194 |      36 |  15.7 |      45 |      18 |  28.6
            +---------+---------+-------+---------+---------+-------
        D:1 |      27 |       5 |  15.6 |      17 |       4 |  19.0
        D:2 |     105 |      24 |  18.6 |      20 |      12 |  37.5
        D:3 |      62 |       7 |  10.1 |       8 |       2 |  20.0
            +---------+---------+-------+---------+---------+-------
